 Dungeon Crawl Stone Soup version 0.27.1 (webtiles) character file.

Game seed: 18058432852108795701

31 AIAndy the Magician (level 3, 0/25 HPs)
             Began as a Djinni Fire Elementalist on Aug 29, 2021.
             Was a Believer of Lugonu.
             Slain by a goblin (4 damage)
             ... led by Robin
             ... on level 1 of the Dungeon.
             The game lasted 00:05:59 (1556 turns).

AIAndy the Magician (Djinni Fire Elementalist)      Turns: 1556, Time: 00:06:00

Health: 0/25       AC:  2    Str:  7    XL:     3   Next: 40%
Gold:   52         EV: 12    Int: 17    God:    Lugonu [**....] SH:  5 Dex: 13

rFire    + + .     SeeInvis .   c - +0 short sword
rCold    x . .     Faith    .   (no shield)
rNeg     + . .     Spirit   .   a - +0 robe
rPois    ∞         Reflect  +   (no helmet)
rElec    .         Harm     .   (no cloak)
rCorr    .         Rampage  .   (no gloves)
Will     .....                  (boots unavailable)
Stlth    ++........             e - amulet of reflection
HPRegen  0.08/turn              N - ring of positive energy
MPRegen  0.00/turn              (no ring)

@: flying
A: sickness immunity, fire resistance 2, cold vulnerability 1, float, innate
caster, hp casting, extra vitality 1
a: Renounce Religion, Depart the Abyss, Bend Space


You were on level 1 of the Dungeon.
You worshipped Lugonu.
Lugonu was pleased with you.
You visited 1 branch of the dungeon, and saw 2 of its levels.

You collected 52 gold pieces.


Innate Abilities, Weirdness & Mutations

You are immune to sickness and miasma.
You are immune to poison.
Your flesh is very heat resistant. (rF++)
You are vulnerable to cold. (rC-)
You float through the air rather than walking.
You learn spells naturally, not from books.
Your magical power is your life essence.
You have superior vitality. (+4 HP)


   Skills:
 - Level 2.1 Dodging
 - Level 1.5 Stealth
 + Level 3.3 Spellcasting


You couldn't memorise any spells.
You knew the following spells:

 Your Spells              Type           Power      Damage    Failure   Level
a - Corona                Hex            15%        N/A       4%          1
c - Conjure Flame         Conj/Fire      14%        6-21      13%         3
f - Foxfire               Conj/Fire      56%        2x1d6     4%          1
l - Fireball              Conj/Fire      7%         3d5       75%         5
r - Inner Flame           Hex/Fire       14%        N/A       13%         3
y - Sticky Flame          Conj/Fire      14%        2d4       38%         4
Your spell library was empty.

Inventory:

Hand Weapons
 c - a +0 short sword (weapon)
Armour
 a - a +0 robe (worn)
Jewellery
 e - an amulet of reflection (around neck)
 N - a ring of positive energy (left hand)
Scrolls
 b - 2 scrolls of noise {unknown}
 d - 2 scrolls of teleportation {unknown}
 g - a scroll of identify {unknown}
Potions
 f - a potion of lignification {unknown}

Dungeon Overview and Level Annotations

Branches:
Dungeon (2/15)

Altars:
Lugonu

Annotations:
D:2 Robin

###############
#..........>..#
#.###########.# #.# #.#
############ #.# #.#
#..........######g#######
#.#
#.########.....v@.......#
#.# #.# ######v###.###.#
#.# #.# ##.## ##.##.# #.#
#.# #..# #....# #.# #.#
#..## ##.##.#####.# #.#
#########.#.###...[.......#
#.#
#.......#.##...####.#######
#.# #..###..#.###### #.#
#.###..# #.:#.# #.# ####


You could see a goblin (ally target).


Message History

* * * LOW HITPOINT WARNING * * *
Robin barely misses you.
The goblin no longer looks unusually strong.
There is a stone staircase leading up here.
You see here a +0 dagger.
The goblin completely misses you. Robin throws the goblin at you!
You fly upwards.
There is a stone staircase leading down here.
Casting: Foxfire (safe; 4% risk of failure)
Press: ? - help, Q - select action, (/) - cycle Dir - look around, f - activate You conjure some foxfire!
* * * LOW HITPOINT WARNING * * *
The goblin barely misses you.
Your foxfire dissipates!
The goblin hits you with a +0 dagger.
* * * LOW HITPOINT WARNING * * *
Casting: Foxfire (safe; 4% risk of failure)
Press: ? - help, Q - select action, (/) - cycle Dir - look around, f - activate You conjure some foxfire!
* * * LOW HITPOINT WARNING * * *
The goblin closely misses you.
Your foxfire dissipates!
The foxfire hits the goblin.
The goblin is moderately wounded.
Casting: Foxfire (safe; 4% risk of failure)
Press: ? - help, Q - select action, (/) - cycle Dir - look around, f - activate You conjure some foxfire!
* * * LOW HITPOINT WARNING * * *
The goblin hits you with a +0 dagger.
You die...

Skill      XL: |  1  2 |
---------------+-------+-----
Spellcasting   | 3 |  3.3
Dodging        | |  2.1
Stealth        | |  1.5

Action                   || total
-------------------------++-------
Melee: Short sword       ||     3
 Cast: Foxfire           ||    53
Invok: Bend Space        ||     1
Armor: Robe              ||     5
Dodge: Dodged            ||     9
Block: Other             ||     3

Levels and vault maps discovered:
D:1:      lightli_molten_gateway, layout_loops_ring,
          chequers_ecumenical_altar_lobes, minmay_tetromino_i2
D:2:      layout_rooms, uniq_natasha, uniq_robin

Notes
Turn   | Place    | Note
-------+----------+-------------------------------------------
     0 | D:1      | AIAndy the Djinni Fire Elementalist began the quest for the
                  | Orb.
     0 | D:1      | Reached XP level 1. HP: 15/15 MP: 0/0
   201 | D:1      | Reached XP level 2. HP: 18/21 MP: 0/0
   597 | D:1      | Found a faded altar of an unknown god.
   602 | D:1      | Became a worshipper of Lugonu the Unformed
   602 | D:1      | Reached * piety under Lugonu
   602 | D:1      | Reached ** piety under Lugonu
   862 | D:2      | Noticed Robin
   867 | D:1      | Reached skill level 3 in Spellcasting
  1026 | D:2      | Reached XP level 3. HP: 8/25 MP: 0/0
  1026 | D:2      | Learned a level 1 spell: Corona
  1556 | D:1      | Slain by a goblin

Vanquished Creatures
  A worm (D:2)
  An endoplasm (D:1)
  2 giant cockroaches
  8 goblins
  2 hobgoblins (D:1)
  2 ball pythons
  4 bats
  5 kobolds
  A rat (D:1)
26 creatures vanquished.

Vanquished Creatures (others)
  70 foxfires
70 creatures vanquished.

Grand Total: 96 creatures vanquished

Table legend: (Time is in decaauts)
 A = Elapsed time spent in this place.
 B = Non-inter-level travel time spent in this place.
 C = Inter-level travel time spent in this place.
 D = Time resting spent in this place.
 E = Time spent auto-exploring this place.
 F = Levels seen in this place.
 G = Mean time per level.
                   A        B        C        D        E       F      G
               +--------+--------+--------+--------+--------+-----+--------+
         Total |   1556 |   1526 |     30 |    108 |   1184 |   2 |  778.0 |
       Dungeon |   1556 |   1526 |     30 |    108 |   1184 |   2 |  778.0 |
               +--------+--------+--------+--------+--------+-----+--------+

Top non-repeatable levels by time:
     D:1: 1014 daAuts
     D:2: 542 daAuts

Table legend:
 A = Non-vault XP
 B = Vault XP
 C = Vault XP percentage of total XP
 D = Non-vault monster count
 E = Vault monster count
 F = Vault count percentage of total count
                 A         B        C        D         E       F
            +---------+---------+-------+---------+---------+-------
      Total |      36 |       9 |  20.0 |      20 |       6 |  23.1
            +---------+---------+-------+---------+---------+-------
        D:1 |      14 |       5 |  26.3 |       9 |       4 |  30.8
        D:2 |      22 |       4 |  15.4 |      11 |       2 |  15.4
            +---------+---------+-------+---------+---------+-------
